Cogmind - Beta 14 @@@ ROGUE MODE // 2024.11.06 @ 22:04:12 Player: MarKhan Result: Destroyed by ZQ-KXV(R) with Subdweller Laser Performance ------------- Evolutions (0) 0 Regions Visited (2) 400 Robots Destroyed (36) 180 Value Destroyed (982) 982 Prototype IDs (0) 0 Alien Tech Used (0) 0 Bonus (0) 0 TOTAL SCORE: 1562 Bonus ------- None Cogmind --------- Core Integrity 0/250 Matter 234/300 Energy 200/200 System Corruption 2% Temperature Cool (6) Movement Treading (160) Location -10/Subcaves Parts ------- > --- POWER (1) -------- Subdweller Power Source > --- PROPULSION (2) --- Light Treads Spiked Treads > --- UTILITY (2) ------ Medium Storage Unit Visual Processing Unit > --- WEAPON (2) ------- Rocket Launcher Rocket Launcher > --- INVENTORY (10) --- Large Matter Pod (150) Seismic Detector Hacking Suite Authchip [Propulsion] Tractor Beam Grenade Launcher Grenade Launcher Rocket Launcher Makeshift Hammer Scrap Shield Fragment (33) Peak State ------------ > --- POWER ------------ Subdweller Power Source > --- PROPULSION ------- Light Treads Makeshift Leg > --- UTILITY ---------- Medium Storage Unit Visual Processing Unit > --- WEAPON ----------- Rocket Launcher Rocket Launcher > --- INVENTORY -------- Large Matter Pod Seismic Detector Hacking Suite Authchip [Propulsion] Tractor Beam Grenade Launcher Grenade Launcher Rocket Launcher Scrap Shield Fragment Scrap Shield Fragment [Rating: 15] Favorites ----------- Power Light Nuclear Core Engine Ion Engine Power Core Light Nuclear Core Propulsion Light Treads Treads Light Treads Leg Makeshift Leg Wheel Wheel Utility Visual Processing Unit Device Seismic Detector Storage Medium Storage Unit Processor Visual Processing Unit Weapon Assault Rifle Energy Gun Small Laser Ballistic Gun Assault Rifle Launcher Rocket Launcher Special Melee Weapon Datajack Build | -11 -10 -10 ------- Run | Yrd Mat Sub Slots Evolved . | . . . Power . | . . . Propulsion . | . . . Utility . | . . . Weapon . | . . . Parts Attached 49 | 7 36 6 Power 8 | 1 5 2 Engine 2 | 1 . 1 Core 6 | . 5 1 Reactor . | . . . Propulsion 14 | 2 10 2 Treads 7 | . 6 1 Leg 1 | . . 1 Wheel 6 | 2 4 . Hover . | . . . Flight . | . . . Utility 10 | 2 8 . Device 3 | 1 2 . Storage 6 | 1 5 . Processor 1 | . 1 . Hackware . | . . . Protection . | . . . Artifact . | . . . Weapon 17 | 2 13 2 Energy Gun 5 | 2 3 . Energy Cannon . | . . . Ballistic Gun 5 | . 5 . Ballistic Cannon . | . . . Launcher 4 | . 2 2 Special Weapon . | . . . Impact Weapon . | . . . Slashing Weapon . | . . . Piercing Weapon . | . . . Special Melee Weapon 3 | . 3 . Unidentified Prototypes . | . . . Parts Lost 5 | . 1 4 Power 2 | . . 2 Propulsion 1 | . . 1 Utility . | . . . Weapon 2 | . 1 1 Highest Loss Streak 3 | . 1 3 To Critical Strikes . | . . . Average Slot Usage (%) 96 | . 98 90 Engine 3 | . 2 4 Core 9 | . 10 5 Treads 18 | . 16 23 Wheel 8 | . 10 . Device 2 | . 3 . Storage 15 | . 15 14 Processor 10 | . 9 14 Energy Gun 6 | . 8 . Ballistic Gun 8 | . 11 . Launcher 8 | . 1 27 Special Melee Weapon 4 | . 6 . Peak Build Rating 15 | 7 13 15 Average Rating 10 | 5 10 12 On Entrance 6 | . 7 13 Naked Turns . | . . . Heaviest Build 23 | 14 23 23 Greatest Support 40 | 20 40 40 Greatest Overweight (x) 1 | 1 1 1 Average Overweight (x) . | . . . Largest Inventory Capacity 10 | 8 10 10 Average Capacity 9 | 7 9 10 Most Carried 10 | 5 10 10 Average Carried 8 | 3 8 9 Final Capacity 10 | 8 10 10 Final Carried 10 | 5 10 10 Class Distribution -------------------- 95% | Mutant 4% | Scavenger-Mutant Dominant Class ---------------- Mutant | -10/Materials Mutant | -10/Subcaves Resources | -11 -10 -10 ----------- Run | Yrd Mat Sub Matter Collected 1728 | 270 944 514 Remotely . | . . . Salvage Created 1155 | 151 831 173 Parts 72 | 6 56 10 Haulers Intercepted 2 | . 2 . Recyclers Shooed 2 | 1 1 . Parts Field Recycled . | . . . Retrieved Matter . | . . . Parts Self-Destructed 7 | . . 7 Prevented . | . . . Kills | -11 -10 -10 ------- Run | Yrd Mat Sub Combat Hostiles Destroyed 26 | . 16 10 Guns 16 | . 16 . AOE 10 | . . 10 Classes Destroyed 10 | 2 5 3 Builder 1 | . 1 . Tunneler 3 | 3 . . Hauler 2 | . 2 . Recycler 1 | 1 . . Operator 1 | . 1 . Watcher 2 | . 2 . Swarmer 3 | . . 3 Grunt 16 | . 16 . Sentry 1 | . . 1 Subdweller 6 | . . 6 Best Kill Streak 7 | 2 3 7 Combat Bots Only 7 | . 3 7 Max Kills in Single Turn 2 | 1 1 2 Gunslinging . | . . . Exploded 2 | . . 2 Melee . | . . . Uniques/NPCs Destroyed . | . . . Combat | -11 -10 -10 -------- Run | Yrd Mat Sub Hostile Shots Fired 160 | . 125 35 Missed 47 | . 36 11 Damage Taken 1705 | . 1055 650 Core 251 | . 151 100 Absorbed by Shields . | . . . Regen/Repaired (Parts) 323 | . 323 . Core Remaining (%) 100 | 100 . . Volleys Fired 130 | 7 106 17 Largest 2 | 2 2 2 Hottest 115 | 90 115 66 Shots Fired 233 | 14 187 32 Gun 201 | 14 187 . Cannon . | . . . Launcher 32 | . . 32 Special . | . . . Kinetic 153 | . 153 . Thermal 48 | 14 34 . Explosive 32 | . . 32 Electromagnetic . | . . . Robot Hit Streak 17 | 5 17 5 Robot Miss Streak 4 | 1 4 2 Penetration Max . | . . . Secondary Targets 4 | . 4 . Max Gunslinging Chain 1 | . 1 . Shots Hit Robots 147 | 10 127 10 Core Hits 68 | 5 45 18 Critical Kills . | . . . Critical Parts Destroyed . | . . . Critical Strikes 2 | . 2 . Burn 2 | . 2 . Melee Attacks 8 | . 8 . Impact . | . . . Slashing . | . . . Piercing . | . . . Sneak Attacks 2 | . 2 . Combat Hostiles . | . . . Follow-up Attacks . | . . . Damage Inflicted 2743 | 120 1558 1065 Guns 1678 | 120 1558 . Cannons . | . . . Explosions 1065 | . . 1065 Melee . | . . . Ramming . | . . . Kinetic 1252 | . 1252 . Thermal 426 | 120 306 . Explosive 1065 | . . 1065 Electromagnetic . | . . . Impact . | . . . Slashing . | . . . Piercing . | . . . Highest Corruption 2 | . 2 2 Average Corruption 1 | . 1 2 Corruption Purged . | . . . Corruption Blocked . | . . . Effects 6 | . . 6 Message Errors 2 | . . 2 Matter Fused 2 | . . 2 Alerts 2 | . . 2 Overload Shots . | . . . Overflow Damage 3 | . . 3 Projectiles . | . . . Explosions 3 | . . 3 Melee . | . . . Knockbacks . | . . . Impact . | . . . Kinetic . | . . . Secondary . | . . . Self-Inflicted Damage 139 | . . 139 Shots 6 | . . 6 Rammed . | . . . Targets Rammed . | . . . Kicked . | . . . Crushed . | . . . Highest Temperature 198 | 120 198 11 Average Temperature 52 | 48 53 11 Received Heat Transfer 753 | . 648 105 Siege Activations . | . . . Robots Corrupted . | . . . Combat Hostiles . | . . . Parts Fried . | . . . Impact Corruptions . | . . . Robots Melted . | . . . Combat Hostiles . | . . . Parts Melted 4 | 1 3 . Heat Transferred 1253 | 322 931 . Parts Sabotaged . | . . . Parts Stolen . | . . . Parts Stripped . | . . . Power Chain Reactions . | . . . Alert | -11 -10 -10 ------- Run | Yrd Mat Sub Peak Influence 204 | 20 204 . Initial 13 | . 13 . Average 53 | 8 55 . Maximum Alert Level 1 | . 1 . Low Security (%) 99 | 100 99 . Level 1 . | . . . Level 2 . | . . . Level 3 . | . . . Level 4 . | . . . Level 5 . | . . . High Security . | . . . Max Security . | . . . Squads Dispatched 6 | . 6 . Investigation 5 | . 5 . Extermination . | . . . Reinforcement 1 | . 1 . Assault . | . . . Garrison . | . . . Intercept . | . . . Searches Triggered . | . . . Construction Impeded . | . . . Haulers Reinforced . | . . . Active Scanning Responses . | . . . Cargo Convoy Interrupts . | . . . Stealth | -11 -10 -10 --------- Run | Yrd Mat Sub Distress Signals 1 | . 1 . Communications Jammed . | . . . Distress Signals . | . . . Times Spotted 39 | . 27 12 Peak Tracking Total 5 | . 3 5 Tactical Retreats . | . . . Traps | -11 -10 -10 ------- Run | Yrd Mat Sub Traps Triggered 4 | . 4 . Indirectly . | . . . Trap Hack Attempts . | . . . Triggered . | . . . Disarmed . | . . . Reprogrammed . | . . . Reused . | . . . Traps Extracted . | . . . Installed . | . . . Triggered . | . . . Machines | -11 -10 -10 ---------- Run | Yrd Mat Sub Machines Disabled . | . . . Max in Single Turn . | . . . Machines Repaired . | . . . Machines Dismantled . | . . . Machines Sabotaged . | . . . Overloaded Fab Kills . | . . . Hacking | -11 -10 -10 --------- Run | Yrd Mat Sub Machines Accessed 10 | . 10 . Terminals 7 | . 7 . Fabricators . | . . . Repair Stations 1 | . 1 . Recycling Units 2 | . 2 . Scanalyzers . | . . . Garrison Access . | . . . Total Hacks 38 | . 38 . Successful 27 | . 27 . Failed 10 | . 10 . Catastrophic 1 | . 1 . Database Lockouts 1 | . 1 . Manual 23 | . 23 . Terminals 20 | . 20 . Fabricators . | . . . Repair Stations 13 | . 13 . Recycling Units 5 | . 5 . Scanalyzers . | . . . Garrison Access . | . . . Terminal Hacks 3 | . 3 . Robot Analysis 1 | . 1 . Terminal Index 1 | . 1 . Locate Traps 1 | . 1 . Fabricator Hacks . | . . . Repair Station Hacks 10 | . 10 . Scan Component 5 | . 5 . Repair 5 | . 5 . Recycling Unit Hacks . | . . . Scanalyzer . | . . . Garrison Access Hacks . | . . . Unauthorized Hacks 14 | . 14 . Terminals 9 | . 9 . Botnet 3 | . 3 . Skim 6 | . 6 . Fabricators . | . . . Repair Stations 2 | . 2 . Mechanics 1 | . 1 . Patch 1 | . 1 . Recycling Units 3 | . 3 . Reject 1 | . 1 . Recyclers 1 | . 1 . Tunnel 1 | . 1 . Scanalyzers . | . . . Garrison Access . | . . . Data Cores Recovered . | . . . Used . | . . . Hacking Detections 8 | . 8 . Full Trace Events 1 | . 1 . Feedback Events . | . . . Feedback Blocked . | . . . Robot Schematics Acquired . | . . . Robots Built . | . . . Authchips . | . . . Time . | . . . Total Robot Build Rating . | . . . Part Schematics Acquired . | . . . Parts Built . | . . . Authchips . | . . . Time . | . . . Total Part Build Rating . | . . . Parts Repaired 5 | . 5 . Time 154 | . 154 . Parts Recycled . | . . . Recycled Matter . | . . . Retrieved Matter . | . . . Retrieved Components . | . . . Parts Scanalyzed . | . . . Part Schematics Acquired . | . . . Parts Damaged . | . . . Bothacking | -11 -10 -10 ------------ Run | Yrd Mat Sub Used RIF Installer . | . . . Robots Hacked 2 | . 2 . Non-combat 2 | . 2 . Combat . | . . . Robot Hacks Applied 3 | . 3 . parse_system 2 | . 2 . no_distress 1 | . 1 . Relay Couplers Released . | . . . Fabnet Peak Effective % . | . . . Robots Rewired . | . . . Allies Hacked . | . . . Hacks Repelled . | . . . Allies | -11 -10 -10 -------- Run | Yrd Mat Sub Total Allies . | . . . Largest Group . | . . . Highest-Rated Group . | . . . Highest-Rated Ally . | . . . Total Orders . | . . . Ally Attacks . | . . . Total Damage . | . . . Kills . | . . . Allies Corrupted . | . . . Allies Melted . | . . . Intel | -11 -10 -10 ------- Run | Yrd Mat Sub Robot Analysis Total 1 | . 1 . Derelict Logs Recovered . | . . . Drone Launches . | . . . Drone Recoveries . | . . . Exploration | -11 -10 -10 ------------- Run | Yrd Mat Sub Turns Passed 3287 | 107 2359 821 Spaces Moved 1816 | 89 1256 471 Core 4 | 4 . . Treads 1055 | . 600 455 Legs 16 | . . 16 Wheels 741 | 85 656 . Hover . | . . . Flight . | . . . Fastest Speed 50 | 50 80 140 Average Speed 129 | 79 121 161 Slowest Speed 210 | 95 160 210 Overloaded Moves . | . . . Propulsion Burnouts . | . . . Robots Hopped . | . . . Cave-ins Triggered . | . . . Exploration Rate (%) 46 | 4 99 35 Regions Visited 2 Branch Regions 1 Pre-discovered Areas 1 | . 1 . Known Exits Taken 1 | . 1 . Unknown Exits Taken 1 | 1 . . Scrap Searched 6 | . . 6 Spaces Dug 11 | . . 11 Terrain Destroyed 240 | . . 240 Melee . | . . . Projectile . | . . . AOE 240 | . . 240 Terrain Rammed . | . . . Walls Destroyed . | . . . Machines Disabled . | . . . Actions | -11 -10 -10 --------- Run | Yrd Mat Sub Total 2516 | 107 1906 503 Wait 450 | . 450 . Move 1814 | 88 1255 471 Hop . | . . . Pick Up 33 | 5 23 5 Fast Attach 18 | 7 8 3 Attach 5 | . 3 2 Detach . | . . . Swap 26 | . 25 1 Drop 32 | . 28 4 Fire 130 | 7 106 17 Melee 8 | . 8 . Ram . | . . . Kick . | . . . Crush . | . . . Escape Stasis . | . . . Rewire . | . . . Trap . | . . . Miscellaneous . | . . . Route ------- -11/Scrapyard -10/Materials (discovered 5 exits: [*Mat x3] / [*Min] / *Sub) -10/Subcaves (discovered 1 exit: Rec) History --------- Turn | Location | Event 24 | -11/Scrapyard | Discovered new exit (range 15) 108 | -11/Scrapyard | Entered Materials 302 | -10/Materials | Build established: Mutant 423 | -10/Materials | Discovered new exit (range 15) 760 | -10/Materials | Discovered new exit (range 10) 969 | -10/Materials | Central database locked down 1075 | -10/Materials | Discovered new exit (range 11) 1121 | -10/Materials | Discovered new exit (range 18) 1215 | -10/Materials | Learned Storage security intel 1294 | -10/Materials | Learned Storage emergency access door positions 1419 | -10/Materials | Identified exit to Subcaves 1504 | -10/Materials | Learned location of 1 exit from Storage 1551 | -10/Materials | Learned location of 2 exits from Materials 1609 | -10/Materials | Learned Recycling recycling unit intel 1685 | -10/Materials | Repaired Lgt. Nuclear Core 1714 | -10/Materials | Repaired Lgt. Treads 1988 | -10/Materials | Core integrity fell below 50% 2157 | -10/Materials | Repaired Lgt. Treads 2186 | -10/Materials | Repaired Lgt. Treads 2233 | -10/Materials | Repaired Lgt. Nuclear Core 2467 | -10/Materials | Entered Subcaves 2468 | -10/Subcaves | Identified exit to Recycling 2543 | -10/Subcaves | A swath of the cavern ceiling suddenly collapsed 2657 | -10/Subcaves | Shifting Twisted Machinery released Sub. Monowheel 2667 | -10/Subcaves | Shifting Twisted Machinery released Sub. Machine Gun 2754 | -10/Subcaves | Ambushed by Subdweller buried in earth 2772 | -10/Subcaves | Core integrity fell below 20% 2801 | -10/Subcaves | Destroyed 7 combat bots 2809 | -10/Subcaves | Lost 3 parts (1p1n1w) 3282 | -10/Subcaves | Disturbed a concealed Subdweller 3285 | -10/Subcaves | Ambushed by Subdweller buried in earth 3288 | -10/Subcaves | Ambushed by Subdweller buried in earth 3288 | -10/Subcaves | Destroyed by ZQ-KXV(R) with Subdweller Laser Last Messages --------------- 03074_ Searching scrap... 03074_ Found Mak. Hammer. 03074_ Found Sub. Beam Cannon. 03074_ Found 58 Matter. 03075_ Acquired 50 matter. 03084_ Searching scrap... 03084_ Found Battle Rifle. 03084_ Found Mak. Laser. 03084_ Found 69 Matter. 03095_ Dropped Mak. Leg. 03100_ Acquired Mak. Hammer. 03123_ Subatomizers dissect the Flamer. 03142_ The unstable cave ceiling collapses. 03186_ System corrupted: IFF burst signal emitted. 03282_ DC-WNA(R) angrily emerges from the Twisted Machinery. 03285_ The unstable cave ceiling collapses. 03285_ DC-WNA(R) destroyed. 03286_ ZQ-KXV(R): "THANKSYOU!" Map ----- +----------------------------------------------------+ | ??????????????### #### #?????????? | | ??????????????# #### #?????????? | | ??????????????# #?######?????????? | | ??????????????# ### #????????????????? | | ??????????????# #### #????????????????? | | ??????????????# #?? #????????????????? | | ??????????????# #? ##????????????????? | | ??????????????# # #?????????????????? | | ??????????????# # # ##????????????????? | | ??????????????### ##???????????????? | | ????????????????# #???????????????? | | ???????????????## ##### #???????????????? | | ??????????????## #????# #???????????????? | | ??????????????# #??????????????????????? | | ??????????????# ##?????????????????????? | | ??????????????# #?????#???????????????? | | ??????????????##### ##### #???????????????? | | ??????????????????# #???????????????? | | ??????????????????## ####???????????????? | | ?????####?####?????## ##??????????????????? | | ?????# # ####?# #???????????????????? | | ?????# ## #???????????????????? | | ?????# R ###?????????????????? | | ??????# R ##????????????????? | | ??????# & ##???????????????? | | ???????# %] @ #???????????????? | | ???????# ### #???????????????? | | ???????# ]##?? ##???????????????? | | ???????### ???? ##????????????????? | | ?????????# #### ???? #?????????????????? | | ??????????????# ???? #?????????????????? | | ??????????????# ????? #?????????????????? | | ??????????????## ????? #?????????????????? | | ??????????????? ????? ?????????????????? | | ???????????????# ????? ?????????????????? | | ???????????????#??????? ?????????????????? | | ???????????????????????# ?????????????????? | | ???????????????????????? ????????????????? | | ????????????????????????##????????????????? | | ??????????????????????????????????????????? | | ??????????????????????????????????????????? | | ??????????????????????????????????????????? | | ??????????????????????????????????????????? | | ??????????????????????????????????????????? | | ??????????????????????????????????????????? | | ??????????????????????????????????????????? | | ??????????????????????????????????????????? | | ??????????????????????????????????????????? | | ??????????????????????????????????????????? | | ??????????????????????????????????????????? | +----------------------------------------------------+ Best States ------------- Heat Dissipation 39 Energy Generation 15 Energy Capacity 250 Matter Stores 322 Matter Capacity 350 Sight Range 18 Terrain Scan Density 10 Evasion (%) 45 Recoil Reduction 2 Authchip Count 1 Item Schematics ----------------- None Robot Schematics ------------------ None Fabricated ------------ Nothing Alien Tech Used ----------------- None Achievements -------------- None Challenges ------------ None Game ------ Seed AntimatterMediumMallet Manual? 0 Play Time 00:38:38 Cumulative 73.1 hours Start 2024.11.06 @ 21:23:50 End 2024.11.06 @ 22:04:12 Sessions 1 Manual Loads 0 Difficulty Rogue Special Mode None Game No. 67 Rogue 67 Adventurer 0 Explorer 0 Win Type - Total 2 Types 2/0/0/0/0/0/0/0/0 Lore% 41 Gallery% 45 Achievement% 40 Wizard Run 0 Options --------- Layout 1 ASCII 0 Keyboard 1 Movement Arrows Keybinds 0 Fullscreen 2 Font 24/Smallcaps Map View 50x35 Zoom Use 0% Tactical HUD 1 Map Filters NONE Filters NONE Steam 1 RUN: 2a3ee993-6b64-404a-b3cf-bac2b643f84b